 Dungeon Crawl Stone Soup version 0.29.0 (webtiles) character file.

Game seed: 16483370102235235049

5737 Toastz the Martial Artist (level 10, -5/78 HPs)
             Began as an Octopode Transmuter on Sept 9, 2022.
             Was an Initiate of Gozag.
             Slain by a spriggan
             ... wielding a +1 vorpal trident
              (8 damage)
             ... in a bailey.
             The game lasted 00:17:48 (11419 turns).

Toastz the Martial Artist (Octopode Transmuter)    Turns: 11419, Time: 00:17:49

Health: -5/78      AC:  8    Str: 11    XL:     10   Next: 77%
Magic:  0/16       EV: 13    Int: 18    God:    Gozag
Gold:   1027       SH:  0    Dex: 21    Spells: 7/17 levels left

rFire   . . .      SeeInvis .     - Unarmed
rCold   + + +      Faith    .   (shield currently unavailable)
rNeg    . . .      Spirit   +   (helmet currently unavailable)
rPois   +          Reflect  .   A - amulet of guardian spirit
rElec   .          Harm     .   d - +6 ring of dexterity
rCorr   .          Rampage  .   v - +6 ring of dexterity
Will    .....                   C - ring of Departure {rPois rF+ rC+ Dex-4}
Stlth   ++........              (no ring)
HPRegen 0.23/turn               (no ring)
MPRegen 0.15/turn               (no ring)
                                (no ring)
                                (no ring)

@: ice-form, studying Axes
A: freezing attack, boosted hp, almost no armour, amphibious, 8 rings, large,
(camouflage 1), (gelatinous body 1), (nimble swimmer 1), (tentacles)
a: End Transformation, Renounce Religion, Potion Petition, Call Merchant, Bribe
Branch


You were in a bailey.
You worshipped Gozag.
Gozag was most pleased with you.
You were a creature of crystalline ice.
You visited 2 branches of the dungeon, and saw 9 of its levels.
You also visited: Ossuary and Bailey.

You collected 1091 gold pieces.
You paid 64 gold pieces to Gozag.

Inventory:

Missiles
 b - 93 stones
 g - 3 curare-tipped darts (quivered)
 D - 4 throwing nets
Magical Staves
 F - a staff of earth
Jewellery
 d - a +6 ring of dexterity (left front paw)
 v - a +6 ring of dexterity (right front paw)
 A - an amulet of guardian spirit (around neck)
 C - the ring of Departure (on tentacle) {rPois rF+ rC+ Dex-4}
   (You found it on level 6 of the Dungeon)

   [ring of protection from fire]

   Dex:       It affects your dexterity (-4).
   rF:        It protects you from fire.
   rC:        It protects you from cold.
   rPois:     It protects you from poison.
Wands
 x - a wand of iceblast (7)
Scrolls
 c - 3 scrolls of butterflies
 f - 3 scrolls of enchant armour {unknown}
 h - a scroll of poison {unknown}
 j - a scroll of noise {unknown}
 m - 5 scrolls of immolation
 p - 3 scrolls of blinking {unknown}
 s - a scroll of fear {unknown}
 u - 2 scrolls of brand weapon {unknown}
 w - 5 scrolls of vulnerability
 y - 5 scrolls of teleportation
 B - a scroll of amnesia {unknown}
 E - a scroll of enchant weapon
Potions
 a - 2 potions of magic {unknown}
 e - 4 potions of degeneration {unknown}
 i - 2 potions of resistance
 k - 5 potions of heal wounds {unknown}
 l - 2 potions of flight {unknown}
 n - 2 potions of brilliance {unknown}
 o - 4 potions of attraction
 q - 2 potions of curing {unknown}
 r - 2 potions of cancellation {unknown}
 t - a potion of berserk rage {unknown}
 z - 2 potions of lignification
 G - a potion of mutation {unknown}


   Skills:
 + Level 4.8 Fighting
 + Level 5.0 Dodging
 + Level 9.0 Unarmed Combat
 - Level 4.0 Spellcasting
 + Level 8.5 Transmutations
 + Level 6.0 Ice Magic
 - Level 4.0 Poison Magic


You had 7 spell levels left.
You knew the following spells:

 Your Spells              Type           Power      Damage    Failure   Level
a - Beastly Appendage     Tmut           68%        N/A       1%          1
b - Wereblood             Tmut           34%        N/A       1%          2
c - Spider Form           Tmut/Pois      26%        N/A       3%          3
d - Ice Form              Ice/Tmut       29%        N/A       8%          4

Your spell library contained the following spells:

 Spells                   Type           Power      Damage    Failure   Level
 Ensorcelled Hibernation  Hex/Ice        28%        N/A       6%          2
 Apportation              Tloc           6%         N/A       14%         1
 Summon Small Mammal      Summ           12%        N/A       14%         1
 Alistair's Intoxication  Tmut/Pois      17%        N/A       30%         5
 Stone Arrow              Conj/Erth      6%         3d7       41%         3
 Anguish                  Hex/Necr       1%         N/A       82%         4
 Iskenderun's Mystic Bla  Conj/Tloc      3%         2d3       82%         4
 Dispersal                Tloc           1%         N/A       100%        6
 Lehudib's Crystal Spear  Conj/Erth      1%         10d2      100%        8
 Dragon's Call            Summ           1%         N/A       100%        9
 Animate Armour           Summ/Erth      Unusable   N/A       N/A         4

Dungeon Overview and Level Annotations

Branches:
Dungeon (8/15)             Temple (1/1) D:5         Ossuary (visited)
 Bailey (1/1)
   Lair: D:8-11

Altars:
Ashenzari
Cheibriados
Dithmenos
Elyvilon
Fedhas
Gozag
Hepliaklqana
Kikubaaqudgha
Makhleb
Nemelex Xobeh
Okawaru
Qazlal
Trog
Uskayaw
Vehumet
Xom
Yredelemnul
The Shining One


Innate Abilities, Weirdness & Mutations

You are a creature of crystalline ice.
You have a powerful freezing melee attack.
Your maximum health is increased.
Your armour is entirely melded.
You are incapable of wielding weapons or throwing items.
You cannot wear most types of armour.
You are amphibious.
You can wear up to eight rings at the same time.
((Your skin changes colour to match your surroundings (Stealth+).))
((Your rubbery body absorbs attacks. (AC +1, EV +1)))
((You are camouflaged when in or above water. (Stealth+)))
((You have tentacles for arms and can constrict up to eight enemies at once.))


Message History

A spriggan is nearby!
An ogre comes into view. It is wielding a +0 glaive.
The spriggan hits you but does no damage.
The spriggan barely misses you.
You hit the spriggan. You freeze the spriggan.
The spriggan is lightly wounded.
The spriggan barely misses you.
You closely miss the spriggan.
The spriggan is lightly wounded.
The spriggan hits you with a +0 trident!
You barely miss the spriggan.
The spriggan is lightly wounded.
A spriggan comes into view. It is wielding a +1 vorpal trident.
The spriggan hits you with a +0 trident!
The spriggan moves out of view.
You hear a shout!
You punch the spriggan! You freeze the spriggan.
The spriggan is almost dead.
The ogre hits you from afar with a +0 glaive!!
The spriggan hits you with a +0 trident.
The spriggan attacks as you move away!
The spriggan hits you with a +0 trident.
* * * LOW HITPOINT WARNING * * *
The spriggan hits you from afar with a +0 trident!
* * * LOW HITPOINT WARNING * * *
The ogre hits you from afar with a +0 glaive!
* * * LOW HITPOINT WARNING * * *
The spriggan completely misses you.
You see here a +0 trident.
The spriggan hits you but does no damage.
The spriggan closely misses you.
The spriggan drinks a potion.
The spriggan suddenly seems more resistant.
The spriggan misses you.
The spriggan hits you from afar with a +0 trident!
* * * LOW HITPOINT WARNING * * *
The spriggan closely misses you.
The spriggan hits you from afar with a +1 vorpal trident!
You die...
Your body crumbles into a pile of gold.

#. #..## ##.##
##.. .. ♣..##
##...## #..♣ ..
#..## #.....#
...# .
♣#..###.....##
...#.♣
#..~))).)...#
..~#.♣
#..~)~......#
..~~i♣
♣..~~~.)....#
..i#
#..~~~......#
...#
♣.Y~~~..∩...#
...#
##..###.....##
#..## ♣#ii##
#.....# ##i)♣♣
♣#..## ##...##
##..####♣##O.##
##.##
##.........##
### ##.......##
#########


You could see an ogre and 2 spriggans.

Vanquished Creatures
  A two-headed ogre (D:8)
  Sigmund (D:2)
  6 spriggans (Bailey)
  A steam dragon (Bailey)
  Menkaure (D:4)
  Edmund (D:3)
  2 water moccasins
  3 sky beasts
  A black bear (D:5)
  An orc warrior (D:7)
  5 ogres (Bailey)
  2 centaurs
  2 phantoms
  Blork the orc (D:4)
  A gnoll sergeant (D:8)
  3 bullfrogs
  5 scorpions
  5 wights
  4 killer bees
  3 howler monkeys
  4 orc priests
  3 hounds (D:6)
  2 jellies
  3 gnoll boudas
  Ijyb (D:5)
  6 iguanas
  4 orc wizards
  12 mummies (Ossuary)
  9 adders
  19 gnolls
  A shadow imp (D:7)
  A white imp (D:5)
  An ufetubus (D:6)
  3 worms
  4 dart slugs
  18 orcs
  6 bats
  6 endoplasms
  3 giant cockroaches
  A gnoll skeleton (Ossuary)
  7 hobgoblins
  3 jackals
  3 quokkas (D:2)
  5 ball pythons
  2 frilled lizards
  11 goblins
  3 goblin skeletons (Ossuary)
  9 kobolds
  4 kobold skeletons (Ossuary)
  3 rats
  11 rat skeletons (Ossuary)
217 creatures vanquished.

Vanquished Creatures (others)
  3 fungi (D:2)
  3 plants (D:2)
6 creatures vanquished.

Grand Total: 223 creatures vanquished

Notes
Turn   | Place    | Note
-------+----------+-------------------------------------------
     0 | D:1      | Toastz the Octopode Transmuter began the quest for the Orb.
     0 | D:1      | Reached XP level 1. HP: 13/13 MP: 3/3
   394 | D:1      | Reached XP level 2. HP: 18/18 MP: 3/5
   532 | D:1      | Got Sif Muna's Exposition on Transposed Formation
   536 | D:1      | Learned a level 2 spell: Wereblood
  1119 | D:1      | You fall into a shaft and drop 1 floor!
  1128 | D:2      | Found a faded altar of an unknown god.
  1140 | D:2      | Got Plato's Almanac of Apparitions
  1258 | D:2      | Reached XP level 3. HP: 15/24 MP: 2/6
  1522 | D:2      | Noticed Sigmund
  2020 | D:3      | Identified the +4 scale mail "Qere" {Harm rPois Dex-4}
  2345 | D:1      | Reached XP level 4. HP: 29/29 MP: 5/7
  2666 | D:2      | Learned a level 3 spell: Spider Form
  3170 | D:2      | Killed Sigmund
  3171 | D:2      | Reached skill level 4 in Unarmed Combat
  3171 | D:2      | Reached XP level 5. HP: 25/34 MP: 9/9
  3171 | D:2      | Reached XP level 6. HP: 29/39 MP: 10/10
  4047 | D:4      | Found a sand-covered staircase.
  4049 | D:4      | Noticed Edmund
  4298 | D:3      | Killed Edmund
  4299 | D:3      | Reached XP level 7. HP: 9/45 MP: 12/12
  4652 | Ossuary  | Entered an ossuary
  4683 | Ossuary  | Learned a level 4 spell: Ice Form
  5500 | Ossuary  | Reached skill level 1 in Ice Magic
  5718 | D:4      | Found a snail-covered altar of Cheibriados.
  6064 | D:4      | Reached skill level 5 in Unarmed Combat
  6286 | D:4      | Noticed Blork the orc
  6299 | D:4      | Killed Blork the orc
  6300 | D:4      | Reached XP level 8. HP: 50/51 MP: 10/14
  6421 | D:4      | Noticed Menkaure
  6434 | D:4      | Killed Menkaure
  6767 | D:5      | Entered Level 5 of the Dungeon
  6771 | D:5      | Found a staircase to the Ecumenical Temple.
  6809 | Temple   | Entered the Ecumenical Temple
  6983 | Temple   | Became a worshipper of Gozag Ym Sagoz the Greedy
  7151 | D:5      | Noticed Ijyb
  7159 | D:5      | Killed Ijyb
  7267 | D:5      | Reached skill level 5 in Transmutations
  7792 | D:5      | Found a glowing golden altar of the Shining One.
  8009 | D:6      | Identified the +7 scimitar "Tabud" {flame, rPois rC++}
  8049 | D:6      | Reached skill level 6 in Unarmed Combat
  8083 | D:6      | Reached XP level 9. HP: 57/59 MP: 9/15
  8504 | D:6      | Found a basalt altar of Yredelemnul.
  8731 | D:6      | Identified the ring of Departure {rPois rF+ rC+ Dex-4}
  9517 | D:7      | Reached skill level 5 in Ice Magic
  9624 | D:7      | Reached skill level 7 in Unarmed Combat
 10363 | D:8      | Reached XP level 10. HP: 65/65 MP: 4/16
 10697 | D:8      | Noticed a two-headed ogre
 10702 | D:8      | Killed a two-headed ogre
 10703 | D:8      | Reached skill level 5 in Dodging
 10794 | D:8      | Found a burning altar of Makhleb.
 10861 | D:8      | Reached skill level 8 in Unarmed Combat
 10913 | D:8      | Found a flagged portal.
 10934 | Bailey   | Entered a bailey
 11156 | Bailey   | Reached skill level 9 in Unarmed Combat
 11416 | Bailey   | HP: 2/78 [spriggan/+0 trident (6)]
 11419 | Bailey   | Slain by a spriggan

Illustrated notes

Levels and vault maps discovered:
D:1:      mrwooster_arrival_statue, layout_basic
D:2:      minmay_inner_zag, layout_rooms, shapermc_ecumenical_altar_rom_forum,
          chequers_arboretum, minmay_quadrilaterals, uniq_sigmund
D:3:      layout_basic, hangedman_feature_mirror
D:4:      layout_loops_ring, old_standard_altar, nicolae_ossuary_entry_ruins,
          kennysheep_windowed_goal, uniq_blork_the_orc, uniq_edmund,
          uniq_menkaure
D:5:      layout_loops_cross, mainiacjoe_overflow_catwalk,
          minmay_temple_entry_statues_pillars, uniq_ijyb
D:6:      layout_loops_cross, general_overflow_altar, kennysheep_generic_room_15
D:7:      layout_loops_ring
D:8:      layout_basic, bloody_makhleb, enter_bailey_5
Temple:   nicolae_temple_bog_church
Bailey:   bailey_polearm_enchanted_keep_hellmonk, bailey

Skill      XL: |  1  2  3  4  5  6  7  8  9 10 |
---------------+-------------------------------+-----
Fighting       | 2 4 |  4.8
Unarmed Combat | 4 5 6 7 9 |  9.0
Spellcasting   | 3 4 |  4.0
Transmutations | 3 4 5 7 8 |  8.5
Poison Magic   | 2 3 4 |  4.0
Ice Magic      | 1 3 5 6 |  6.0
Dodging        | 4 5 |  5.0

Action                   |  1- 3 |  4- 6 |  7- 9 | 10-12 || total
-------------------------+-------+-------+-------+-------++-------
Melee: Unarmed           |    68 |    89 |   351 |    84 ||   592
       Constrict         |    19 |    20 |    46 |       ||    85
       Kick              |    14 |    22 |    49 |       ||    85
       Tentacles         |    11 |    16 |    43 |       ||    70
       Punch             |     2 |     3 |     7 |     1 ||    13
Throw: Dart              |       |     2 |     2 |     6 ||    10
       Stone             |       |       |     1 |       ||     1
 Cast: Beastly Appendage |    22 |    17 |    28 |       ||    67
       Wereblood         |     1 |     4 |    15 |     3 ||    23
       Spider Form       |       |       |    25 |     3 ||    28
       Ice Form          |       |       |     9 |     6 ||    15
 Abil: End Transformatio |       |       |       |     2 ||     2
Evoke: Wand              |       |       |       |     3 ||     3
  Use: Scroll            |     1 |     2 |     6 |       ||     9
       Potion            |       |     1 |       |       ||     1
 Stab: Sleeping          |     7 |     4 |    10 |       ||    21
       Distracted        |       |     1 |     3 |     1 ||     5
Armor: Skin              |     4 |    11 |    24 |    26 ||    65
Dodge: Dodged            |    37 |    34 |   233 |    82 ||   386
